 Dungeon Crawl Stone Soup version 0.20.1-1-g8b1a95d (webtiles) character file.

1738 greenice the Carver (level 8, -1/64 HPs)
             Began as a Minotaur Fighter on Sept 29, 2017.
             Was a Believer of Okawaru.
             Slain by Totori's ghost (2 damage)
             ... on level 7 of the Dungeon.
             The game lasted 00:10:33 (5509 turns).

greenice the Carver (Minotaur Fighter)              Turns: 5509, Time: 00:10:35

Health: -1/64      AC:  6    Str: 26    XL:     8   Next: 77%
Magic:  0/7        EV:  7    Int:  5    God:    Okawaru [**....]
Gold:   237        SH: 10    Dex: 12    Spells: 7/7 levels left

rFire    + . .     SeeInvis +   C - +3 scimitar
rCold    + . .     Gourm    .   c - +0 shield
rNeg     + . .     Faith    .   b - +0 scale mail
rPois    .         Spirit   +   (helmet restricted)
rElec    +         Reflect  .   (no cloak)
rCorr    .         Harm     .   (no gloves)
MR       .....                  (no boots)
Stlth    +.........             v - amulet of the Ancient Wishes {Spirit rElec rF+ rN+ SInv}
Regen    0.2/turn               o - ring of protection from cold
MPRegen  0.1/turn               r - ring of stealth

@: mighty
A: retaliatory headbutt, horns 2
a: Heroism, Renounce Religion


You were on level 7 of the Dungeon.
You worshipped Okawaru.
Okawaru was pleased with you.
You were not hungry.

You visited 2 branches of the dungeon, and saw 8 of its levels.

You collected 237 gold pieces.

Inventory:

Hand Weapons
 C - a +3 scimitar (weapon)
Armour
 b - a +0 scale mail (worn)
 c - a +0 shield (worn)
Jewellery
 o - a ring of protection from cold (left hand)
 r - a ring of stealth (right hand)
 v - the amulet of the Ancient Wishes (around neck) {Spirit rElec rF+ rN+ SInv}
   (You found it on level 4 of the Dungeon)

   [amulet of guardian spirit]

   It causes incoming damage to be split between your health and magic.
   It protects you from fire.
   It insulates you from electricity.
   It protects you from negative energy.
   It lets you see invisible.
Wands
 s - a wand of lightning (9/15)
 B - a wand of polymorph (16/24)
Scrolls
 g - a scroll of noise {unknown}
 j - a scroll of enchant armour {unknown}
 m - 3 scrolls of enchant weapon
 n - 4 scrolls of teleportation
 p - 2 scrolls of remove curse
 q - 6 scrolls of identify
 t - a scroll of fear {unknown}
 y - a scroll of fog {unknown}
 z - a scroll of random uselessness {unknown}
Potions
 d - 2 potions of might
 e - 3 potions of mutation {unknown}
 h - a potion of berserk rage {unknown}
 l - 2 potions of curing {unknown}
 w - 2 potions of flight {unknown}
 x - a potion of degeneration {unknown}
 A - 2 potions of cancellation {unknown}
Comestibles
 f - 5 bread rations
 i - 5 meat rations
 k - 6 chunks of flesh
 u - 2 royal jellies


   Skills:
 - Level 3.6 Fighting
 + Level 13.1 Long Blades
 - Level 3.6 Armour
 - Level 3.6 Shields


You had 7 spell levels left.
You didn't know any spells.

Dungeon Overview and Level Annotations

Branches:
Dungeon (7/15)             Temple (1/1) D:5

Altars:
Fedhas
Gozag
Kikubaaqudgha
Nemelex Xobeh
Okawaru
Uskayaw
Zin

Shops:
D:4 (

Annotations:
D:7 Totori's ghost, novice MfSk


Innate Abilities, Weirdness & Mutations

You reflexively headbutt those who attack you in melee.
You have a pair of horns on your head.


Message History

Totori's ghost is severely damaged.
You block Totori's ghost's attack.
You slash Totori's ghost!
Totori's ghost is almost destroyed.
You barely miss Totori's ghost.
Totori's ghost is almost destroyed.
Totori's ghost barely misses you.
You hit Totori's ghost. Your headbutt misses Totori's ghost.
Totori's ghost is almost destroyed.
Totori's ghost hits you!
* * * LOW HITPOINT WARNING * * *
x2 You slash Totori's ghost!
Your headbutt misses Totori's ghost.
Totori's ghost is almost destroyed.
Totori's ghost wails, "What do you have that I didn't have?"
Totori's ghost casts a spell.
Space distorts along a thin shroud covering Totori's ghost's form.
You miss Totori's ghost. Your headbutt misses Totori's ghost.
Totori's ghost is almost destroyed.
Totori's ghost hits you.
You die...

..#####.###.#
............##.
.......W.......
...............
.......<.......
#.#......#
#.#.....)#
###.#......####
#...........W@#
#..........####
#..........#
+..........#
#.........##
#+###'##.....#
.......+.....+
...##.##.....#
...##.########


You could see Totori's ghost.

Vanquished Creatures
  2 sky beasts
  A necrophage (D:5)
  2 ogres
  A phantom (D:5)
  The ghost of othur the Skirmisher, an amateur GrWr of Elyvilon (D:3)
  A big kobold (D:7)
  A bullfrog (D:7)
  A wyvern zombie (D:6)
  4 wights (D:6)
  A howler monkey (D:4)
  A crimson imp (D:5)
  2 hounds
  6 orc wizards
  3 orc priests
  3 iguanas
  5 worker ants
  6 adders
  An adder zombie (D:5)
  An ooze (D:4)
  2 adder skeletons (D:5)
  4 worms
  A dart slug (D:2)
  6 leopard geckos
  16 orcs
  4 bats
  3 giant cockroaches
  7 goblins
  4 hobgoblins
  20 jackals
  A ball python (D:2)
  5 frilled lizards
  13 kobolds
  3 leopard gecko skeletons
  A quokka skeleton (D:5)
  3 rats
136 creatures vanquished.

Vanquished Creatures (others)
  An orc wizard (D:5)
1 creature vanquished.

Grand Total: 137 creatures vanquished

Notes
Turn   | Place    | Note
-------+----------+-------------------------------------------
     0 | D:1      | greenice the Minotaur Fighter began the quest for the Orb.
     0 | D:1      | Reached XP level 1. HP: 19/19 MP: 0/0
   245 | D:1      | Reached skill level 3 in Long Blades
   381 | D:1      | Reached XP level 2. HP: 24/26 MP: 1/1
   690 | D:1      | Reached skill level 4 in Long Blades
   905 | D:2      | Reached XP level 3. HP: 31/31 MP: 2/2
  1212 | D:2      | Found a sparkling altar of Nemelex Xobeh.
  1216 | D:2      | Reached skill level 5 in Long Blades
  1499 | D:2      | Reached XP level 4. HP: 37/39 MP: 3/3
  1823 | D:3      | Noticed othur's ghost (amateur GrWr)
  1833 | D:3      | Killed othur's ghost
  1833 | D:3      | Reached skill level 6 in Long Blades
  1833 | D:3      | Reached XP level 5. HP: 43/45 MP: 4/4
  2094 | D:3      | Reached skill level 7 in Long Blades
  2901 | D:4      | Found a hide-covered altar of Uskayaw.
  2918 | D:4      | Got a twitching emerald amulet
  2922 | D:4      | Found Xouprerr's Antique Weapon Emporium.
  3010 | D:4      | Reached XP level 6. HP: 51/51 MP: 5/5
  3139 | D:4      | Noticed an angel
  3140 | D:4      | Found a glowing silver altar of Zin.
  3406 | D:5      | Entered Level 5 of the Dungeon
  3410 | D:5      | Reached skill level 8 in Long Blades
  3484 | D:5      | Found an opulent altar of Gozag.
  3523 | D:5      | Found an ancient bone altar of Kikubaaqudgha.
  3802 | D:5      | Reached skill level 9 in Long Blades
  3802 | D:5      | Reached XP level 7. HP: 15/57 MP: 6/6
  4026 | D:5      | Found a staircase to the Ecumenical Temple.
  4038 | Temple   | Entered the Ecumenical Temple
  4070 | Temple   | Became a worshipper of Warmaster Okawaru
  4085 | D:5      | Identified the amulet of the Ancient Wishes {Spirit rElec rF+ rN+ SInv} (You found it on level 4 of the Dungeon)
  4342 | D:5      | Reached skill level 10 in Long Blades
  4522 | D:5      | Reached skill level 11 in Long Blades
  4531 | D:5      | Reached * piety under Okawaru
  4618 | D:5      | Reached XP level 8. HP: 52/64 MP: 7/7
  4824 | D:6      | Found a blossoming altar of Fedhas.
  5002 | D:6      | Reached skill level 12 in Long Blades
  5475 | D:7      | Reached ** piety under Okawaru
  5475 | D:7      | Reached skill level 13 in Long Blades
  5486 | D:7      | Noticed Totori's ghost (novice MfSk)
  5507 | D:7      | HP: 1/64 [Totori's ghost (4)]
  5509 | D:7      | Slain by Totori's ghost

Skill      XL: |  1  2  3  4  5  6  7  8 |
---------------+-------------------------+-----
Long Blades    | 3 4 5 6 7 9 11 13 | 13.1
Fighting       | |  3.6
Armour         | |  3.6
Shields        | |  3.6

Action                   |  1- 3 |  4- 6 |  7- 9 || total
-------------------------+-------+-------+-------++-------
Melee: Long sword        |    77 |   146 |   109 ||   332
       Headbutt          |     9 |    28 |    35 ||    72
       Scimitar          |       |       |    86 ||    86
  Use: Scroll            |       |       |     4 ||     4
       Potion            |       |       |     1 ||     1
  Eat: Chunk             |     2 |     7 |     6 ||    15
Armor: Scale mail        |    27 |    50 |    45 ||   122
Dodge: Dodged            |    25 |    28 |    36 ||    89
Block: Shield            |    41 |    68 |    77 ||   186
       Rpst.: Long sword |    10 |    10 |     6 ||    26
       Scimitar          |       |       |     4 ||     4
